 Dungeon Crawl Stone Soup version 0.17-a0-1378-g281efdd (webtiles) character file.

415 Gorice the Sneak (level 6, -3/43 HPs)
             Began as a Vampire Wanderer on June 14, 2015.
             Slain by a gnoll
             ... wielding a +0 spear
              (5 damage)
             ... on level 3 of the Dungeon.
             The game lasted 00:16:03 (3190 turns).

Gorice the Sneak (Vampire Wanderer)                 Turns: 3190, Time: 00:16:04

Health: -3/43      AC:  5    Str: 10    XL:     6   Next: 60%
Magic:  6/6        EV: 10    Int: 23    God:
Gold:   123        SH:  0    Dex: 13    Spells: 0 memorised, 5 levels left

rFire  . . .     SeeInvis +     a - +2 dagger (venom)
rCold  + . .     Clarity  .     v - +0 leather armour (curse)
rNeg   + + .     SustAt   .     (no shield)
rPois  +         Gourm    .     j - +1 helmet
rElec  .         Spirit   .     (no cloak)
rCorr  .         Warding  .     (no gloves)
rMut   .         Rnd*Tele +     (no boots)
MR     .....                    (no amulet)
Stlth  ++++......               (no ring)
                                w - ring of teleportation (curse)

@: brilliant, very slightly contaminated, regenerating slowly, not resistant to
hostile enchantments, stealthy
A: fangs 3, see invisible, unbreathing
a: Bat Form, Evoke Teleportation


You were on level 3 of the Dungeon.
You were very thirsty.

You visited 1 branch of the dungeon, and saw 4 of its levels.

You collected 123 gold pieces.

Inventory:

Hand weapons
 a - a +2 dagger of venom (weapon)
   (You found it on level 1 of the Dungeon)
 f - a +2 mace
 k - a +0 falchion
 q - a +0 hand crossbow
Missiles
 g - 10 poisoned needles
 Z - 119 stones (quivered)
Armour
 c - a +0 robe
 j - a +1 helmet (worn)
 v - a cursed +0 leather armour (worn)
Jewellery
 w - a cursed ring of teleportation (left hand)
Scrolls
 p - a scroll of remove curse
 s - a scroll of teleportation {!r}
Potions
 d - 20 potions of blood
 e - a potion of cure mutation {unknown}
 h - a potion of agility {unknown}
 i - 3 potions of invisibility {!q}
 m - a potion of degeneration {unknown}
 n - 2 potions of magic {unknown}
 o - a potion of beneficial mutation {unknown}
 t - 2 potions of curing {unknown}
Books
 b - Gatocuov's Papyrus of Instinct

   Spells                             Type                      Level
   a - Apportation                    Translocation                1
   b - Teleport Other                 Translocation                3
 r - a book of Air


   Skills:
 - Level 1.3 Fighting
 * Level 5.7 Short Blades
 - Level 1.5 Maces & Flails
 - Level 1.5 Armour
 + Level 6.5 Stealth
   Level 1.0 Shields
   Level 3.0 Hexes
   Level 1.0 Poison Magic


You had 5 spell levels left.
You didn't know any spells.

Dungeon Overview and Level Annotations

Branches:
Dungeon (4/15)
 Temple: D:4-7

Altars:

Annotations:
D:3 onwiheg's ghost, average NaGl


Innate Abilities, Weirdness & Mutations

You heal slowly.
You have razor-sharp teeth.
You have supernaturally acute eyesight.
You can survive without breathing.


Message History

You hit the gnoll.
The gnoll looks even sicker.
The gnoll is almost dead.
The gnoll barely misses you.
You hit the gnoll.
You kill the gnoll!
The gnoll hits you but does no damage.
Things that are here:
2 stones; 8 gold pieces; a quokka corpse The kobold hits you.
The gnoll hits you from afar with a spear.
You see here a stone.
Damage: 6 (max 6)
You closely miss the kobold. You bite the kobold.
The kobold is moderately wounded.
The kobold hits you but does no damage.
You hit the kobold.
You kill the kobold!
The gnoll hits you from afar with a spear!
Damage: 7 (max 7)
The gnoll barely misses you. The gnoll hits you with a spear.
There is a stone staircase leading up, spattered with blood here.
You see here a rat corpse.
Damage: 4 (max 7)
You hit the kobold.
The kobold is poisoned.
The kobold is moderately wounded.
The gnoll closely misses you.
You kill the kobold!
The gnoll hits you with a spear. The gnoll hits you with a flail!
* * * LOW HITPOINT WARNING * * *
You climb upwards.
Level annotation: onwiheg's ghost, average NaGl
There is a stone staircase leading down here.
Damage: 12 (max 12)
The gnoll hits you with a spear.
* * * LOW HITPOINT WARNING * * *
Damage: 3 (max 12) Unknown command.
The gnoll hits you from afar with a spear.
* * * LOW HITPOINT WARNING * * *
There is an open door here.
Damage: 4 (max 12) Unknown command.
Drink which item? (? for menu, Esc to quit)
Okay, then.
Drink which item? (? for menu, Esc to quit)
It was a potion of brilliance.
You feel clever all of a sudden. The gnoll barely misses you.
The gnoll hits you from afar with a spear.
You die...

..........# #...........####.#
..........# #..............#.#
..........# #...........##.#.#
..........####.........####.#.###
.................................
..........................#.#.#..
#####.....................#.#.#.#
................).........#.#.#.#
..............gg@..#........#.#..
......####'##......#....#####.###
†.....####.##......#.....####.#..
..........g......................
##.........#######.#.#.######....
#.................#.#.# #....
#..........########.#.# #....
#..........# #.#.# #....
##..........########.#+######....


You could see 2 gnolls.

Vanquished Creatures
  Grinder (D:3)
  A hound (D:3)
  Jessica (D:3)
  7 adders
  2 gnolls (D:4)
  An ooze (D:2)
  An adder skeleton (D:3)
  A worm (D:2)
  A giant gecko (D:2)
  An orc (D:3)
  10 bats
  3 giant cockroaches
  6 goblins
  7 hobgoblins
  8 kobolds
  2 quokkas
  4 giant newts
  4 jackals (D:2)
  10 rats
71 creatures vanquished.

Notes
Turn   | Place    | Note
--------------------------------------------------------------
     0 | D:1      | Gorice the Vampire Wanderer began the quest for the Orb.
     0 | D:1      | Gorice set off with: a +2 mace, Gatocuov's Papyrus of Instinct, a +0 robe, a potion of blood
     0 | D:1      | Reached XP level 1. HP: 15/15 MP: 1/1
     0 | D:1      | Identified Gatocuov's Papyrus of Instinct
    91 | D:1      | Reached skill level 2 in Stealth
   111 | D:1      | Reached XP level 2. HP: 15/21 MP: 2/2
   155 | D:1      | Reached skill level 1 in Short Blades
   663 | D:2      | Reached skill level 2 in Short Blades
   679 | D:2      | Reached XP level 3. HP: 18/26 MP: 3/3
   688 | D:2      | Reached skill level 3 in Stealth
   714 | D:2      | HP: 7/26 [jackal (2)]
   722 | D:2      | HP: 5/26 [jackal (1)]
   995 | D:2      | HP: 7/26 [poisoned by an adder]
  1498 | D:2      | HP: 7/26 [giant gecko (2)]
  1500 | D:2      | Reached XP level 4. HP: 8/32 MP: 4/4
  1791 | D:2      | Reached skill level 4 in Stealth
  2108 | D:2      | Reached skill level 3 in Short Blades
  2343 | D:3      | Noticed onwiheg's ghost (average NaGl)
  2480 | D:3      | Noticed Grinder
  2503 | D:3      | Killed Grinder
  2503 | D:3      | Reached skill level 5 in Short Blades
  2503 | D:3      | Reached skill level 6 in Stealth
  2503 | D:3      | Reached XP level 5. HP: 20/37 MP: 5/5
  2503 | D:3      | Reached XP level 6. HP: 23/43 MP: 6/6
  2825 | D:3      | Noticed Jessica
  2830 | D:3      | Killed Jessica
  3180 | D:4      | HP: 8/43 [gnoll/flail (11)]
  3183 | D:3      | HP: 1/43 [gnoll/spear (4)]
  3190 | D:3      | Slain by a gnoll

Vault maps used:
D:1:      roderic_crop_circles_arrival_small
D:3:      uniq_jessica, uniq_grinder
D:4:      enter_ossuary_4, interstate_on_off

Action                   |  1- 3 |  4- 6 || total
-------------------------+-------+-------++-------
Melee: Dagger            |   114 |    95 ||   209
       Mace              |     7 |       ||     7
  Use: Scroll            |     1 |     7 ||     8
       Potion            |     1 |     2 ||     3
 Stab: Sleeping          |     2 |     6 ||     8
       Distracted        |       |     3 ||     3

Table legend:
 A = Turns spent in this place as a percentage of turns spent in the entire game.
 B = Non-inter-level travel turns spent in this place as a percentage of non-inter-level travel turns spent in the entire game.
 C = Inter-level travel turns spent in this place as a percentage of turns spent in this place.
 D = Turns resting spent in this place as a percentage of non-inter-level travel turns spent in this place.
 E = Turns spent auto-exploring this place as a percentage of non-inter-level travel turns spent in this place.
 F = Non-inter-level travel turns spent in this place divided by the number of levels of this place that you've seen.
                   A       B       C       D       E      F
               +-------+-------+-------+-------+-------+----------------------
         Total | 100.0 | 100.0 |   0.3 |   1.9 |   5.0 | 301.0
       Dungeon | 100.0 | 100.0 |   0.3 |   1.9 |   5.0 | 301.0
               +-------+-------+-------+-------+-------+----------------------

Vault maps used:
D:1:      roderic_crop_circles_arrival_small
D:3:      uniq_jessica, uniq_grinder
D:4:      enter_ossuary_4, interstate_on_off
